 Dungeon Crawl Stone Soup version 0.31-a0-233-g139696dc86 (webtiles) character file.

Game seed: 17860707055699823217

2 MisterAzrael the Grave Robber (level 1, 0/10 HPs)
             Began as a Deep Elf Necromancer on July 8, 2023.
             Slain by a frilled lizard (1 damage)
             ... on level 1 of the Dungeon.
             The game lasted 00:00:43 (163 turns).

MisterAzrael the Grave Robber (Deep Elf Necromancer) Turns: 163, Time: 00:00:44

Health: 0/10       AC:  2    Str:  5    XL:     1   Next: 33%
Magic:  5/6        EV: 12    Int: 19    God:
Gold:   19         SH:  0    Dex: 15    Spells: 5/6 levels left

rFire   . . .        (no weapon)
rCold   . . .        (no shield)
rNeg    . . .        a - +0 robe
rPois   .            (no helmet)
rElec   .            (no cloak)
rCorr   .            (no gloves)
SInv    .            (no boots)
Will    .....        (no amulet)
Stlth   ++           (no ring)
HPRegen 0.21/turn    (no ring)
MPRegen 0.10/turn

%: no passive effects
@: no status effects
A: no striking features
a: no special abilities


You were on level 1 of the Dungeon.
You visited 1 branch of the dungeon, and saw 1 of its levels.

You collected 19 gold pieces.

Inventory:

Armour
 a - a +0 robe (worn)
Scrolls
 c - a scroll of enchant weapon {unknown}
Potions
 b - a potion of magic
 d - a potion of curing {unknown}


   Skills:
 + Level 2.5 Dodging
 + Level 2.5 Stealth
 + Level 3.1 Spellcasting
 + Level 4.8 Necromancy


You had 5 spell levels left.
You knew the following spells:

 Your Spells              Type           Power      Damage    Failure   Level
a - Necrotise             Necr           84%        1d8       1%          1

Your spell library contained the following spells:

 Spells                   Type           Power      Damage    Failure   Level
 Vampiric Draining        Necr           21%        2d7       6%          3
 Animate Dead             Necr           21%        N/A       21%         4
 Agony                    Necr           21%        N/A       50%         5


Dungeon Overview and Level Annotations

Branches:
Dungeon (1/15)

Altars:


Message History

The bat hits you. The bat hits you.
Your magical contamination has completely faded away.
The bat barely misses you. The endoplasm freezes you.
You are frozen.
The frilled lizard unfolds its giant frill.
The bat closely misses you.
You completely miss the bat. The bat misses you.
The frilled lizard closely misses you. The endoplasm freezes you.
You are frozen.
The endoplasm attacks as you move away! The endoplasm hits you.
The bat hits you but does no damage. The bat barely misses you.
You hit the bat.
The bat is moderately wounded.
The bat hits you.
* * * LOW HITPOINT WARNING * * *
The bat hits you but does no damage. The frilled lizard misses you.
The endoplasm misses you.
You hit the bat.
The bat is heavily wounded.
The bat hits you.
* * * LOW HITPOINT WARNING * * *
The bat barely misses you. The frilled lizard bites you.
* * * LOW HITPOINT WARNING * * *
The endoplasm misses you.
You are too injured to fight recklessly!
You closely miss the bat.
The bat is heavily wounded.
The bat barely misses you.
The frilled lizard bites you but does no damage.
The endoplasm hits you.
* * * LOW HITPOINT WARNING * * *
The bat closely misses you.
Your frilled lizard skeleton bites the endoplasm.
You closely miss the bat.
The bat is heavily wounded.
The bat closely misses you. The frilled lizard bites you.
You die...

#.##.#..##.####...###
#^##.#..##.# ##### #.#........#
#.. #....###.### ###### #B.
#.....##.# #..... #...
#....###.#### #.#### #...
###.........####.####
###...###########...#.......##..
...>......ZJlll@...###......##.#
............lJ###.b.#.......##.#
~~~........ll## #..#.#..........
~~~~[.###########..###.....###.#
~~~~. #............##### #.#
~~~~ #.####..###### #.# ~Z~
#....# ##########.# .. #.##.#.##
#.......##.# .
#......#####.#.#.#.#.#


You could see 2 endoplasms, a bat (ally target), 6 frilled lizards and a
friendly frilled lizard skeleton.

Vanquished Creatures
  An endoplasm (D:1)
  A bat (D:1)
  A frilled lizard (D:1)
3 creatures vanquished.

Notes
Turn   | Place    | Note
-------+----------+-------------------------------------------
     0 | D:1      | MisterAzrael the Deep Elf Necromancer began the quest for
                  | the Orb.
     0 | D:1      | Reached XP level 1. HP: 10/10 MP: 6/6
   163 | D:1      | Slain by a frilled lizard

Illustrated notes

Levels and vault maps discovered:
D:1:      ncdulo_watergridlock, layout_loops_cross, serial_shops, shop,
          minmay_lizard_pond

Action                     || total
---------------------------++-------
  Melee: Unarmed           ||     5
   Cast: Necrotise         ||     4
 Armour: Robe              ||     3
  Dodge: Dodged            ||    13

Table legend: (Time is in decaauts)
 A = Elapsed time spent in this place.
 B = Non-inter-level travel time spent in this place.
 C = Inter-level travel time spent in this place.
 D = Time resting spent in this place.
 E = Time spent auto-exploring this place.
 F = Levels seen in this place.
 G = Mean time per level.
                   A        B        C        D        E       F      G
               +--------+--------+--------+--------+--------+-----+--------+
         Total |    163 |    163 |      0 |      0 |    134 |   1 |  163.0 |
       Dungeon |    163 |    163 |      0 |      0 |    134 |   1 |  163.0 |
               +--------+--------+--------+--------+--------+-----+--------+

Top non-repeatable levels by time:
     D:1: 163 daAuts
